3L
NASHVILLE OUTLAWS @ FT. WORTH CATTLEMEN
09/24/2033
 
TOP OF THE 1ST
Nashville Outlaws batting - Pitching for Ft. Worth Cattlemen : LHP César Vásquez
Pitching: LHP César Vásquez
Batting: LHB Bartolo Soto 0-0: Fly out, F3 (Line Drive, 34)
Batting: RHB Mariano Sánchez 0-0: Ball
1-0: Ball
2-0: Foul Ball, location: 2F
2-1: Foul Ball, location: 2F
2-2: Ball
3-2: SINGLE (Groundball, 6MD)
Batting: RHB Arnold Giroux 0-0: Ball
1-0: Ball
2-0: Swinging Strike
2-1: Ball
3-1: Called Strike
3-2: Foul Ball, location: 2F
3-2: Strikes out swinging
Mariano Sánchez steals 2nd base
Batter strikes out.
Batting: RHB Scott Donlan 0-0: Ball
1-0: Ball
2-0: Foul Ball, location: 2F
2-1: Foul Ball, location: 2F
2-2: Fly out, F9 (Flyball, 9S)
Top of the 1st over - 0 runs, 1 hit, 0 errors, 1 left on base; Nashville 0 - Ft. Worth 0
BOTTOM OF THE 1ST
Ft. Worth Cattlemen batting - Pitching for Nashville Outlaws : RHP Joel Farrell
Pitching: RHP Joel Farrell
Batting: SHB Javier Vázquez 0-0: Called Strike
0-1: Foul Ball, location: 2F
0-2: Ball
1-2: Ground out 3-1 (Groundball, 34S)
Batting: LHB Chris Etheridge 0-0: Ground out 4-3 (Groundball, 4)
Batting: LHB Jesús Morales 0-0: Fly out, F4 (Line Drive, 4)
Bottom of the 1st over - 0 runs, 0 hits, 0 errors, 0 left on base; Nashville 0 - Ft. Worth 0
TOP OF THE 2ND
Nashville Outlaws batting - Pitching for Ft. Worth Cattlemen : LHP César Vásquez
Batting: LHB Bora Garasanin 0-0: Fly out, F7 (Flyball, 78D)
Batting: RHB Carlos Maldonado 0-0: Called Strike
0-1: Foul Ball, location: 2F
0-2: Foul Ball, location: 2F
0-2: Ball
1-2: Ball
2-2: Ball
3-2: Strikes out swinging
Batting: LHB Juan Caro 0-0: Called Strike
0-1: Ball
1-1: Ball
2-1: Ground out U3 (Groundball, 3)
Top of the 2nd over - 0 runs, 0 hits, 0 errors, 0 left on base; Nashville 0 - Ft. Worth 0
BOTTOM OF THE 2ND
Ft. Worth Cattlemen batting - Pitching for Nashville Outlaws : RHP Joel Farrell
Batting: RHB Gilberto Juárez 0-0: Ball
1-0: Ball
2-0: Called Strike
2-1: Foul Ball, location: 2F
2-2: Foul Ball, location: 2F
2-2: Foul Ball, location: 2F
2-2: Fly out, F9 (Flyball, 9LS)
Batting: LHB Rick Mayfield 0-0: Ball
1-0: Swinging Strike
1-1: Ground out 1-3 (Groundball, 15S)
Batting: RHB Rich Flannery 0-0: Ball
1-0: Foul Ball, location: 2F
1-1: Ball
2-1: Ground out 6-3 (Groundball, 6)
Bottom of the 2nd over - 0 runs, 0 hits, 0 errors, 0 left on base; Nashville 0 - Ft. Worth 0
TOP OF THE 3RD
Nashville Outlaws batting - Pitching for Ft. Worth Cattlemen : LHP César Vásquez
Batting: RHB Tom Boyer 0-0: Ball
1-0: Ball
2-0: Ball
3-0: Base on Balls
Batting: RHB Greg Schiff 0-0: Called Strike
0-1: Ball
1-1: Ball
2-1: Foul Ball, location: 2F
2-2: Strikes out swinging
Batting: LHB Bartolo Soto 0-0: Foul Ball, location: 2F
0-1: Foul Ball, location: 2F
0-2: Ball
1-2: Grounds into double play, 4-6-3 (Groundball, 4)
Top of the 3rd over - 0 runs, 0 hits, 0 errors, 0 left on base; Nashville 0 - Ft. Worth 0
BOTTOM OF THE 3RD
Ft. Worth Cattlemen batting - Pitching for Nashville Outlaws : RHP Joel Farrell
Batting: SHB Roberto Mosca 0-0: Called Strike
0-1: Called Strike
0-2: Ball
1-2: Strikes out swinging
Batting: RHB Vincent Vega 0-0: Called Strike
0-1: Ball
1-1: DOUBLE (Line Drive, 8RXD)
Batting: SHB Robby Day 0-0: Ball
Vincent Vega steals 3rd base
1-0: Fly out, F6 (Popup, 4MS)
Batting: SHB Javier Vázquez 0-0: Swinging Strike
0-1: Foul Ball, location: 2F
0-2: Ball
1-2: Ball
2-2: Strikes out swinging
Bottom of the 3rd over - 0 runs, 1 hit, 0 errors, 1 left on base; Nashville 0 - Ft. Worth 0
TOP OF THE 4TH
Nashville Outlaws batting - Pitching for Ft. Worth Cattlemen : LHP César Vásquez
Batting: RHB Mariano Sánchez 0-0: Foul Ball, location: 2F
0-1: Ball
1-1: Swinging Strike
1-2: SOLO HOME RUN (Flyball, 7LD), Distance : 366 ft
Batting: RHB Arnold Giroux 0-0: Called Strike
0-1: Ball
1-1: Ball
2-1: Ball
3-1: Ground out 2-3 (Groundball, 15S)
Batting: RHB Scott Donlan 0-0: DOUBLE (Flyball, 78XD)
Batting: LHB Bora Garasanin 0-0: Foul Ball, location: 2F
0-1: Ground out 6-3 (Groundball, 6)
Batting: RHB Carlos Maldonado 0-0: Called Strike
0-1: Foul Ball, location: 2F
0-2: Ball
1-2: Ball
2-2: SINGLE (Line Drive, 8LS)
Scott Donlan to third
Runner from 3rd tries for Home, SAFE, no throw
Batting: LHB Juan Caro 0-0: Fielders Choice at 2nd, U6 (Groundball, 6M)
Top of the 4th over - 2 runs, 3 hits, 0 errors, 1 left on base; Nashville 2 - Ft. Worth 0
BOTTOM OF THE 4TH
Ft. Worth Cattlemen batting - Pitching for Nashville Outlaws : RHP Joel Farrell
Batting: LHB Chris Etheridge 0-0: Called Strike
0-1: Called Strike
0-2: Fly out, F8 (Line Drive, 89D)
Batting: LHB Jesús Morales 0-0: Called Strike
0-1: Called Strike
0-2: Strikes out swinging
Batting: RHB Gilberto Juárez 0-0: Ground out 6-3 (Groundball, 6)
Bottom of the 4th over - 0 runs, 0 hits, 0 errors, 0 left on base; Nashville 2 - Ft. Worth 0
TOP OF THE 5TH
Nashville Outlaws batting - Pitching for Ft. Worth Cattlemen : LHP César Vásquez
Batting: RHB Tom Boyer 0-0: Called Strike
0-1: Ball
1-1: Ball
2-1: Ball
3-1: Base on Balls
Batting: RHB Greg Schiff 0-0: Sac Bunt - play at first, batter OUT! 3-4
Tom Boyer to second
Batting: LHB Bartolo Soto 0-0: Ball
1-0: Swinging Strike
1-1: Ball
2-1: SINGLE (Groundball, 34D)
Tom Boyer to third
Runner from 3rd tries for Home, SAFE, throw made home
Batting: RHB Mariano Sánchez 0-0: Ball
Bartolo Soto is caught stealing 2nd base
1-0: Ground out 6-3 (Groundball, 6)
Top of the 5th over - 1 run, 1 hit, 0 errors, 0 left on base; Nashville 3 - Ft. Worth 0
BOTTOM OF THE 5TH
Ft. Worth Cattlemen batting - Pitching for Nashville Outlaws : RHP Joel Farrell
Batting: LHB Rick Mayfield 0-0: Ball
1-0: Ball
2-0: Ball
3-0: Called Strike
3-1: Base on Balls
Batting: RHB Rich Flannery 0-0: Called Strike
0-1: Called Strike
Rick Mayfield steals 2nd base
0-2: Ball
1-2: DOUBLE (Line Drive, 78XD)
Rick Mayfield scores
Batting: SHB Roberto Mosca 0-0: Ball
1-0: Ball
2-0: Ball
3-0: Called Strike
3-1: Called Strike
3-2: Fly out, F8 (Flyball, 89D)
Batting: RHB Vincent Vega 0-0: Ball
1-0: Called Strike
1-1: Ball
2-1: Ball
3-1: Base on Balls
Batting: SHB Robby Day 0-0: Ball
1-0: Called Strike
1-1: SINGLE (Line Drive, 34D)
Rich Flannery to third
Vincent Vega to second
Batting: SHB Javier Vázquez 0-0: Called Strike
0-1: SINGLE (Groundball, 6MD)
Rich Flannery scores
Vincent Vega to third
Robby Day to second
Runner from 3rd tries for Home, SAFE, no throw
Batting: LHB Chris Etheridge 0-0: SINGLE (Groundball, 34D)
Robby Day to third
Javier Vázquez to second
Runner from 3rd tries for Home, SAFE, no throw
Batting: LHB Jesús Morales 0-0: Ball
1-0: Ball
2-0: Called Strike
2-1: Foul Ball, location: 2F
2-2: Fly out, F8 (Flyball, 8RM)
Batting: RHB Gilberto Juárez 0-0: Ball
1-0: Fly out, F9 (Flyball, 9LS)
Bottom of the 5th over - 4 runs, 4 hits, 0 errors, 2 left on base; Nashville 3 - Ft. Worth 4
TOP OF THE 6TH
Nashville Outlaws batting - Pitching for Ft. Worth Cattlemen : LHP César Vásquez
Batting: RHB Arnold Giroux 0-0: Ball
1-0: Ground out 6-3 (Groundball, 6)
Batting: RHB Scott Donlan 0-0: Ball
1-0: SINGLE (Flyball, 7LS)
Batting: LHB Bora Garasanin 0-0: Grounds into double play, 4-6-3 (Groundball, 4M)
Top of the 6th over - 0 runs, 1 hit, 0 errors, 0 left on base; Nashville 3 - Ft. Worth 4
BOTTOM OF THE 6TH
Ft. Worth Cattlemen batting - Pitching for Nashville Outlaws : RHP Joel Farrell
Batting: LHB Rick Mayfield 0-0: Ball
1-0: SOLO HOME RUN (Flyball, 9LD), Distance : 428 ft
Batting: RHB Rich Flannery 0-0: Fly out, F5 (Popup, 15)
Batting: SHB Roberto Mosca 0-0: Ball
1-0: Ball
2-0: Foul Ball, location: 2F
2-1: Foul Ball, location: 2F
2-2: Ball
3-2: Base on Balls
Batting: RHB Vincent Vega 0-0: Ball
1-0: Ball
2-0: Called Strike
2-1: Foul Ball, location: 2F
2-2: Ball
3-2: Fly out, F7 (Flyball, 7LS)
Batting: SHB Robby Day 0-0: Ball
1-0: Foul Ball, location: 2F
1-1: Ball
2-1: Foul Ball, location: 2F
2-2: Fly out, F9 (Flyball, 9LM)
Bottom of the 6th over - 1 run, 1 hit, 0 errors, 1 left on base; Nashville 3 - Ft. Worth 5
TOP OF THE 7TH
Nashville Outlaws batting - Pitching for Ft. Worth Cattlemen : LHP César Vásquez
Batting: RHB Carlos Maldonado 0-0: Ball
1-0: Ball
2-0: Ball
3-0: Called Strike
3-1: SINGLE (Groundball, 56) (infield hit)
Pitching: RHP Mack MacDonald
Batting: LHB Juan Caro 0-0: Called Strike
0-1: Ball
1-1: SINGLE (Groundball, 4D)
Carlos Maldonado to second
Runner from 2nd tries for 3rd, SAFE, throw made to third
Pinch Hitting: LHB Myron Rosenbalm 0-0: Called Strike
Juan Caro steals 2nd base
0-1: Ball
1-1: Ball
2-1: Ball
3-1: Base on Balls
Batting: RHB Greg Schiff 0-0: Ball
1-0: Swinging Strike
1-1: Called Strike
1-2: Ball
2-2: Ball
3-2: DOUBLE (Groundball, 5L)
Carlos Maldonado scores
Juan Caro scores
Myron Rosenbalm to third
Batting: LHB Bartolo Soto 0-0: Intentional Walk
Batting: RHB Mariano Sánchez 0-0: Swinging Strike
0-1: Grounds into fielders choice 3-2 (Groundball, 34S)
Greg Schiff to third
Bartolo Soto to second
Batting: RHB Arnold Giroux 0-0: Ball
1-0: Foul Ball, location: 2F
1-1: Called Strike
1-2: Ball
2-2: Strikes out looking
Batting: RHB Scott Donlan 0-0: Foul Ball, location: 2F
0-1: Called Strike
0-2: Strikes out swinging
Top of the 7th over - 2 runs, 3 hits, 0 errors, 3 left on base; Nashville 5 - Ft. Worth 5
BOTTOM OF THE 7TH
Ft. Worth Cattlemen batting - Pitching for Nashville Outlaws : RHP Joel Farrell
Pitching: RHP Bryan Tuff
Now at 3B: Bryan Clifton
Batting: SHB Javier Vázquez 0-0: Called Strike
0-1: Ball
1-1: Ball
2-1: Foul Ball, location: 2F
2-2: Ball
3-2: Strikes out swinging
Batting: LHB Chris Etheridge 0-0: Called Strike
0-1: Ball
1-1: Foul Ball, location: 2F
1-2: Foul Ball, location: 2F
1-2: Strikes out swinging
Batting: LHB Jesús Morales 0-0: Foul Ball, location: 2F
0-1: SINGLE (Line Drive, 9LS)
Batting: RHB Gilberto Juárez 0-0: Ball
1-0: Ball
2-0: Foul Ball, location: 2F
2-1: Swinging Strike
2-2: Fly out, F9 (Flyball, 9D)
Bottom of the 7th over - 0 runs, 1 hit, 0 errors, 1 left on base; Nashville 5 - Ft. Worth 5
TOP OF THE 8TH
Nashville Outlaws batting - Pitching for Ft. Worth Cattlemen : RHP Mack MacDonald
Batting: LHB Bora Garasanin 0-0: Called Strike
0-1: Foul Ball, location: 2F
0-2: Ball
1-2: Ground out U3 (Groundball, 3)
Batting: RHB Carlos Maldonado 0-0: Ball
1-0: Called Strike
1-1: Called Strike
1-2: Foul Ball, location: 2F
1-2: SINGLE (Groundball, 56D)
Batting: LHB Juan Caro 0-0: Called Strike
0-1: Foul Ball, location: 2F
0-2: Strikes out swinging
Batting: RHB Bryan Clifton 0-0: Ball
1-0: Fly out, F8 (Flyball, 78M)
Top of the 8th over - 0 runs, 1 hit, 0 errors, 1 left on base; Nashville 5 - Ft. Worth 5
BOTTOM OF THE 8TH
Ft. Worth Cattlemen batting - Pitching for Nashville Outlaws : RHP Bryan Tuff
Batting: LHB Rick Mayfield 0-0: Ball
1-0: Ball
2-0: Called Strike
2-1: Fly out, F7 (Flyball, 7)
Batting: RHB Rich Flannery 0-0: Ball
1-0: Ball
2-0: Called Strike
2-1: Fly out, F9 (Flyball, 9LD)
Batting: SHB Roberto Mosca 0-0: Called Strike
0-1: Ball
1-1: Called Strike
1-2: Ground out 6-3 (Groundball, 6)
Bottom of the 8th over - 0 runs, 0 hits, 0 errors, 0 left on base; Nashville 5 - Ft. Worth 5
TOP OF THE 9TH
Nashville Outlaws batting - Pitching for Ft. Worth Cattlemen : RHP Mack MacDonald
Pitching: LHP Ricardo Ruíz
Pinch Hitting: RHB Jerry Yates 0-0: Foul Ball, location: 2F
0-1: Called Strike
0-2: Ball
1-2: SOLO HOME RUN (Line Drive, 78XD), Distance : 438 ft
Batting: LHB Bartolo Soto 0-0: Ground out U3 (Groundball, 3)
Batting: RHB Mariano Sánchez 0-0: Ball
1-0: Ball
2-0: Called Strike
2-1: Ball
3-1: Foul Ball, location: 2F
3-2: Base on Balls
Batting: RHB Arnold Giroux 0-0: Called Strike
0-1: Ball
1-1: Ball
2-1: Called Strike
2-2: Foul Ball, location: 2F
2-2: Strikes out swinging
Batting: RHB Scott Donlan 0-0: Called Strike
0-1: Ball
1-1: Ball
Mariano Sánchez is caught stealing 2nd base
Top of the 9th over - 1 run, 1 hit, 0 errors, 0 left on base; Nashville 6 - Ft. Worth 5
BOTTOM OF THE 9TH
Ft. Worth Cattlemen batting - Pitching for Nashville Outlaws : RHP Bryan Tuff
Pitching: RHP Kenete Daku
Now at 2B: Jorge López
Batting: RHB Vincent Vega 0-0: Hit by Pitch
Batting: SHB Robby Day 0-0: Swinging Strike
0-1: Ball
1-1: Ball
2-1: Ball
3-1: SINGLE (Flyball, 78M)
Vincent Vega to second
Batting: SHB Javier Vázquez 0-0: Ball
1-0: Called Strike
1-1: Foul Ball, location: 2F
1-2: Ball
2-2: Fly out, F7 (Line Drive, 7)
Batting: LHB Chris Etheridge 0-0: Ball
1-0: Swinging Strike
1-1: Called Strike
1-2: Ball
2-2: Strikes out looking
Batting: LHB Jesús Morales 0-0: Ball
1-0: Foul Ball, location: 2F
1-1: Ground out 3-1 (Groundball, 34S)
Bottom of the 9th over - 0 runs, 1 hit, 0 errors, 2 left on base; Nashville 6 - Ft. Worth 5
Saturday, December 22nd, 2018 - OOTP Baseball 18.8 Build 76